 Dungeon Crawl Stone Soup version 0.25-a0-160-gd67bd2d (webtiles) character file.

Game seed: 4400959944561461159, levelgen mode: deterministic

312 2tousent the Stinger (level 6, -1/45 HPs)
             Began as a Draconian Venom Mage on Nov 25, 2019.
             Slain by an ogre
             ... wielding a +0 giant club
              (19 damage)
             ... on level 3 of the Dungeon.
             The game lasted 00:13:20 (2857 turns).

2tousent the Stinger (Draconian Venom Mage)         Turns: 2857, Time: 00:13:21

Health: -1/45      AC:  9    Str: 11    XL:     6   Next: 18%
Magic:  0/9        EV: 12    Int: 15    God:
Gold:   177        SH:  0    Dex: 13    Spells: 2/9 levels left

rFire    . . .     SeeInvis .     - Unarmed
rCold    . . .     Gourm    .   (no shield)
rNeg     . . .     Faith    .   (armour unavailable)
rPois    .         Spirit   .   (helmet restricted)
rElec    .         Reflect  .   (no cloak)
rCorr    .         Harm     .   (no gloves)
MR       .....                  (no boots)
Stlth    ++........             (no amulet)
HPRegen  0.15/turn              (no ring)
MPRegen  0.11/turn              g - +3 ring of protection

@: no status effects
A: unfitting armour, cold-blooded, AC +6
a: no special abilities


You were on level 3 of the Dungeon.
You were very hungry.

You visited 1 branch of the dungeon, and saw 4 of its levels.

You collected 177 gold pieces.

Inventory:

Jewellery
 c - an uncursed ring of fire
 g - a +3 ring of protection (right hand)
 p - a -4 ring of evasion
Wands
 o - a wand of digging (9)
Potions
 a - a potion of might
 d - 3 potions of curing
 e - a potion of degeneration {unknown}
 h - a potion of mutation {unknown}
 i - a potion of agility {unknown}
 j - a potion of resistance {unknown}
 m - a potion of cancellation {unknown}
Comestibles
 b - a ration


   Skills:
 - Level 1.7 Dodging
 - Level 1.7 Stealth
 + Level 2.1 Unarmed Combat
 - Level 2.0 Spellcasting
 * Level 0.8 Conjurations
 * Level 3.4 Transmutations
 * Level 2.4 Fire Magic
 * Level 0.8 Air Magic
 * Level 4.4 Poison Magic


You had 2 spell levels left.
You knew the following spells:

 Your Spells              Type           Power        Failure   Level  Hunger
a - Sting                 Tmut/Pois      ##..         4%          1    #......
b - Ignite Poison         Fire/Tmut/Pois ##......     16%         3    ###....
c - Mephitic Cloud        Conj/Pois/Air  #.......     28%         3    ###....

Your spell library contained the following spells:

 Spells                   Type           Power        Failure   Level  Hunger
 Poisonous Vapours        Pois/Air       #.....       12%         2    ###....
 Olgreb's Toxic Radiance  Pois           ##......     34%         4    #####..


Dungeon Overview and Level Annotations

Branches:
Dungeon (4/15)
 Temple: D:4-7

Altars:
Gozag
Hepliaklqana


Innate Abilities, Weirdness & Mutations

Your plain brown scales are hard. (AC +6)
You cannot fit into any form of body armour.
You are cold-blooded and may be slowed by cold attacks.


Message History

You hear a shout! x5
There is a stone staircase leading up here.
The ogre hits you with a +0 giant club!
You climb upwards.
There is a stone staircase leading down here.
The ogre hits you with a +0 giant club!
Casting: Sting (safe; 4% risk of failure)
Confirm with . or Enter, or press ? or * to list all spells.
Aiming: Mephitic Cloud (safe; 28% risk of failure)
Press: ? - help, Shift-Dir - straight line, f - ogre
Aim: an ogre, wielding a +0 giant club (severely wounded, poisoned)
The ball explodes into a vile cloud!
The stinking cloud engulfs the ogre but does no damage.
The ogre is severely wounded.
The ogre is engulfed in noxious fumes.
The ogre appears confused.
You hit the ogre but do no damage.
The ogre is severely wounded.
The ogre is engulfed in noxious fumes.
The ogre appears confused.
The ogre hits you with a +0 giant club!!
You die...

...###
##.#.#####'######
.....#
#...##.........#
....)#
#....'.........#
.....#
#...##.........#
...###
#...##.........#
...#
#...##.........#
...#
#.○☼##.).......#
...#
#.#O##.........#
...#
#.#@##.........# #
####
#.#.############ #
#.#.# #########
#.#.########........
#.#........'.......#
#.##########.......#
#.##### #.......#
#..(..# #.......#
#####.# #........


You could see an ogre (confused).

Vanquished Creatures
  Sigmund (D:3)
  A scorpion (D:4)
  3 adders (D:3)
  2 worms
  2 dart slugs
  An orc (D:3)
  A ball python (D:3)
  4 giant cockroaches
  8 goblins
  6 jackals
  4 kobolds
  A quokka (D:3)
  7 bats
  5 frilled lizards (D:3)
  A jackal skeleton (D:3)
  10 rats
57 creatures vanquished.

Vanquished Creatures (others)
  11 toadstools (D:4)
11 creatures vanquished.

Grand Total: 68 creatures vanquished

Notes
Turn   | Place    | Note
-------+----------+-------------------------------------------
     0 | D:1      | 2tousent the Draconian Venom Mage began the quest for the
                  | Orb.
     0 | D:1      | Reached XP level 1. HP: 14/14 MP: 3/3
   101 | D:1      | Reached XP level 2. HP: 2/20 MP: 0/5
  1102 | D:2      | Reached skill level 1 in Unarmed Combat
  1142 | D:2      | Found a hazy altar of Hepliaklqana.
  1160 | D:2      | Reached XP level 3. HP: 13/26 MP: 1/6
  1165 | D:2      | Learned a level 3 spell: Ignite Poison
  1613 | D:3      | Noticed Sigmund
  1657 | D:3      | Killed Sigmund
  1657 | D:3      | Reached skill level 4 in Poison Magic
  1657 | D:3      | Reached XP level 4. HP: 11/33 MP: 1/7
  1657 | D:3      | Reached XP level 5. HP: 13/38 MP: 1/8
  1664 | D:3      | Learned a level 3 spell: Mephitic Cloud
  2108 | D:3      | Found an opulent altar of Gozag.
  2721 | D:4      | Noticed an ogre
  2721 | D:4      | Reached XP level 6. HP: 40/45 MP: 5/9
  2857 | D:3      | Slain by an ogre

Levels and vault maps discovered:
D:1:      mrwooster_arrival_statue, layout_loops_ring, hangedman_feature_mirror,
          minmay_misc_feat_plants, chequers_serial_rivers_room_b
D:2:      layout_rooms, old_standard_altar, kennysheep_generic_room_7
D:3:      layout_basic, minmay_misc_feat_ornament, nicolae_gozag_seed_capital,
          uniq_sigmund
D:4:      layout_cave_pools, nicolae_dithmenos_through_a_glass_darkly,
          first_ration, chequers_decorated_corner, tgw_fedhas

Skill      XL: |  1  2  3 |
---------------+----------+-----
Unarmed Combat | 1 2 |  2.1
Transmutations | 2 3 |  3.4
Fire Magic     | 2 |  2.4
Poison Magic   | 4 |  4.4
Dodging        | |  1.7
Stealth        | |  1.7
Spellcasting   | |  2.0
Conjurations   | |  0.8
Air Magic      | |  0.8

Action                   |  1- 3 |  4- 6 || total
-------------------------+-------+-------++-------
Melee: Unarmed           |    67 |    64 ||   131
       Tailslap          |     6 |     6 ||    12
 Cast: Sting             |    52 |    14 ||    66
       Ignite Poison     |     1 |     4 ||     5
       Mephitic Cloud    |       |     8 ||     8
  Use: Scroll            |     3 |     5 ||     8
  Eat: Chunk             |     3 |     5 ||     8
Armor: Skin              |    46 |    30 ||    76
Dodge: Dodged            |    63 |    32 ||    95

Table legend:
 A = Non-vault XP
 B = Vault XP
 C = Vault XP percentage of total XP
 D = Non-vault monster count
 E = Vault monster count
 F = Vault count percentage of total count
                 A         B        C        D         E       F
            +---------+---------+-------+---------+---------+-------
      Total |     204 |     242 |  54.3 |      56 |       1 |   1.8
            +---------+---------+-------+---------+---------+-------
        D:1 |      25 |       0 |   0.0 |      15 |       0 |   0.0
        D:2 |      30 |       0 |   0.0 |      15 |       0 |   0.0
        D:3 |      77 |     242 |  75.9 |      25 |       1 |   3.8
        D:4 |      72 |       0 |   0.0 |       1 |       0 |   0.0
            +---------+---------+-------+---------+---------+-------
